 Dungeon Crawl Stone Soup version bcrawl-1.19.1 (webtiles) character file.

Game seed: 10100830340727027264

9 Niddhogr the Stinger (level 2, 16/19 HPs)
             Began as a Demonspawn Venom Mage on Dec 1, 2019.
             Got out of the dungeon alive.
             The game lasted 00:00:55 (160 turns).

Niddhogr the Stinger (Demonspawn Venom Mage)         Turns: 160, Time: 00:00:55

Health: 16/19      AC:  4    Str:  8    XL:     2   Next: 6%
Magic:  2/5        EV: 12    Int: 16    God:
Gold:   9          SH:  0    Dex: 13    Spells: 4/5 levels left

rFire    . . .     SeeInvis .   (no weapon)
rCold    . . .     Gourm    .   (no shield)
rNeg     . . .     Faith    .   a - +0 robe
rPois    .         Spirit   .   (no helmet)
rElec    .         Reflect  .   (no cloak)
rCorr    .         Harm     .   (no gloves)
MR       .....                  (no boots)
Stlth    ++........             (no amulet)
HPRegen  0.06/turn              (no ring)
MPRegen  0.09/turn              (no ring)

@: no status effects
A: icy blue scales 1
a: no special abilities


You escaped.
You were not hungry.

You visited 1 branch of the dungeon, and saw 1 of its levels.

You collected 9 gold pieces.

Inventory:

Armour
 a - a +0 robe (worn)
 g - a +0 large shield
Potions
 c - a potion of berserk rage {!q}
 d - a potion of degeneration {!q}
 e - a potion of haste {unknown}
Comestibles
 b - a chunk of flesh
 f - a ration {!d}


   Skills:
 - Level 1.7 Dodging
 - Level 2.0 Stealth
 - Level 2.0 Spellcasting
 - Level 1.0 Conjurations
 + Level 3.6 Poison Magic


You had 4 spell levels left.
You knew the following spells:

 Your Spells              Type           Power        Failure   Level  Hunger
a - Sting                 Conj/Pois      #...         9%          1    #......

Your spell library contained the following spells:

 Spells                   Type           Power        Failure   Level  Hunger
 Poisonous Vapours        Pois/Air       #.....       16%         2    ###....
 Ignite Poison            Fire/Tmut/Pois #.......     36%         3    ###....
 Olgreb's Toxic Radiance  Pois           ##......     43%         4    #####..
 Summon Scorpions         Summ/Pois      #.......     69%         4    #####..
 Venom Bolt               Conj/Pois      #.........   92%         5    ######.


Dungeon Overview and Level Annotations

Branches:
Dungeon (1/12)

Altars:


Innate Abilities, Weirdness & Mutations

You are partially covered in icy blue scales. (AC +2)


Message History

The slug dart misses you.
You can't see any susceptible monsters within range! (Use Z to cast anyway.) Unknown command.
Aim: a dart slug The sting hits the dart slug.
The dart slug is poisoned.
* * * LOW MAGIC WARNING * * *
You now have 0/3 mp.
You hit the dart slug.
You kill the dart slug!
You have reached level 2!
Your demonic ancestry asserts itself...
Icy blue scales grow over part of your body.
You regained 5 hp, and now have 15/19 hp.
Unknown command.
There is an open door here.
You see here 132 stones.
There is a staircase leading out of the dungeon here.
You regained 2 mp, and now have 2/5 mp.
Are you sure you want to leave the Dungeon?
This will make you lose the game!
You have escaped!

.........#.............=...
.........#........†........
......#..#.................
.#...÷...##########........
.#.#......#.#....#.........
.#........#.+....#.........
.#........#.#....#....#####
.#..........#..(.#.....
............'(..@#.....#
............#....# .....
.....#+##+#.#....# .....
#.+....# ...## #.#....# ..
########


There were no monsters in sight!

Levels and vault maps discovered:
D:1:      lemuel_arrival_behind_the_door_small, layout_basic

Notes
Turn   | Place    | Note
-------+----------+-------------------------------------------
     0 | D:1      | Niddhogr the Demonspawn Venom Mage began the quest for the
                  | Orb.
     0 | D:1      | Reached XP level 1. HP: 13/13 MP: 3/3
   136 | D:1      | Gained mutation: You are partially covered in icy blue
                  | scales. (AC +2) [demonic ancestry]
   136 | D:1      | Reached XP level 2. HP: 15/19 MP: 0/5
   160 | D:$      | Got out of the dungeon alive.

Table legend:
 A = Turns spent in this place as a percentage of turns spent in the entire game.
 B = Non-inter-level travel turns spent in this place as a percentage of non-inter-level travel turns spent in the entire game.
 C = Inter-level travel turns spent in this place as a percentage of turns spent in this place.
 D = Turns resting spent in this place as a percentage of non-inter-level travel turns spent in this place.
 E = Turns spent auto-exploring this place as a percentage of non-inter-level travel turns spent in this place.
 F = Non-inter-level travel turns spent in this place divided by the number of levels of this place that you've seen.
                   A       B       C       D       E      F
               +-------+-------+-------+-------+-------+----------------------
         Total | 100.0 | 100.0 |  13.8 |   0.0 |  72.5 | 138.0
       Dungeon | 100.0 | 100.0 |  13.8 |   0.0 |  72.5 | 138.0
               +-------+-------+-------+-------+-------+----------------------

Table legend:
 A = Kills in this place as a percentage of kills in entire the game.
 B = Kills by you in this place as a percentage of kills by you in the entire game.
 C = Kills by friends in this place as a percentage of kills by friends in the entire game.
 D = Other kills in this place as a percentage of other kills in the entire game.
 E = Experience gained in this place as a percentage of experience gained in the entire game.
 F = Experience gained in this place divided by the number of levels of this place that you have seen.
                   A       B       C       D       E      F
               +-------+-------+-------+-------+-------+----------------------
         Total | 100.0 | 100.0 |   N/A |   N/A | 100.0 |  14.0
       Dungeon | 100.0 | 100.0 |   N/A |   N/A | 100.0 |  14.0
               +-------+-------+-------+-------+-------+----------------------

Action                   || total
-------------------------++-------
Melee: Unarmed           ||     1
 Cast: Sting             ||     7
Dodge: Dodged            ||     2

Vanquished Creatures
  3 dart slugs (D:1)
  A bat (D:1)
4 creatures vanquished.
